 Dungeon Crawl Stone Soup version 0.28-a0-1128-gb845255321 (webtiles) character file.

Game seed: 1915622032346256322

462 ChaosChampion the Insei (level 7, -1/43 HPs)
             Began as an Octopode Transmuter on Dec 12, 2021.
             Was an Initiate of Cheibriados.
             Slain by a gnoll (17 damage)
             ... on level 5 of the Dungeon.
             The game lasted 00:07:53 (6077 turns).

ChaosChampion the Insei (Octopode Transmuter)       Turns: 6077, Time: 00:07:54

Health: -1/43      AC:  1    Str: 17    XL:     7   Next: 7%
Magic:  7/10       EV: 13    Int: 18    God:    Cheibriados [......]
Gold:   214        SH:  0    Dex: 13    Spells: 4/10 levels left

rFire   . . .      SeeInvis .     - Unarmed
rCold   . . .      Faith    .   (no shield)
rNeg    . . .      Spirit   .   (helmet restricted)
rPois   .          Reflect  .   (no amulet)
rElec   .          Harm     .   e - +6 ring of strength
rCorr   .          Rampage  .   (no ring)
Will    .....                   (no ring)
Stlth   ++........              (no ring)
HPRegen 0.14/turn               (no ring)
MPRegen 0.12/turn               (no ring)
                                (no ring)
                                (no ring)

@: wereblooded, very slow
A: almost no armour, amphibious, 8 rings, camouflage 1, gelatinous body 1,
(nimble swimmer 1), tentacles
a: Renounce Religion


You were on level 5 of the Dungeon.
You worshipped Cheibriados.
Cheibriados was noncommittal.
You visited 1 branch of the dungeon, and saw 5 of its levels.

You collected 214 gold pieces.

Inventory:

Jewellery
 e - a +6 ring of strength (left tentacle)
Wands
 o - a wand of acid (10)
Scrolls
 b - 2 scrolls of identify
 f - 2 scrolls of teleportation {unknown}
 h - a scroll of enchant weapon
 j - 2 scrolls of noise
Potions
 a - 4 potions of curing
 c - 2 potions of ambrosia {unknown}
 d - 5 potions of flight {unknown}
 g - 3 potions of brilliance {unknown}
 i - a potion of cancellation {unknown}
 k - 2 potions of heal wounds {unknown}
 l - 2 potions of mutation {unknown}
 m - a potion of lignification {unknown}
Miscellaneous
 n - a piece from Xom's chessboard (15/15)


   Skills:
 - Level 1.3 Fighting
 - Level 2.1 Dodging
 * Level 6.4 Unarmed Combat
 - Level 2.1 Spellcasting
 + Level 4.4 Transmutations


You had 4 spell levels left.
You knew the following spells:

 Your Spells              Type           Power      Damage    Failure   Level
a - Beastly Appendage     Tmut           34%        N/A       3%          1
b - Wereblood             Tmut           17%        N/A       4%          2
c - Spider Form           Tmut/Pois      9%         N/A       22%         3

Your spell library contained the following spells:

 Spells                   Type           Power      Damage    Failure   Level
 Ice Form                 Ice/Tmut       9%         N/A       58%         4


Dungeon Overview and Level Annotations

Branches:
Dungeon (5/15)
 Temple: D:4-7

Altars:
Cheibriados
Okawaru

Shops:
D:1 (   D:5 *


Innate Abilities, Weirdness & Mutations

You cannot wear most types of armour.
You are amphibious.
You can wear up to eight rings at the same time.
Your skin changes colour to match your surroundings (Stealth+).
Your rubbery body absorbs attacks. (AC +1, EV +1)
((You are camouflaged near water. (Stealth+)))
You have tentacles for arms and can constrict up to eight enemies at once.


Message History

You hit the gnoll.
You feel a bit better.
You kill the gnoll!
Cheibriados appreciates the change of pace.
The gnoll completely misses you. The gnoll shaman barely misses you.
The gnoll hits you with a +0 club.
You bite the gnoll shaman!
The gnoll shaman is severely wounded.
You hiss as the wereblood boils in your veins!
Your transformation has ended.
The gnoll misses you.
The gnoll shaman calls upon its god to speed up the gnoll.
The gnoll seems to speed up.
The gnoll barely misses you.
You tentacle-slap the gnoll shaman but do no damage.
You grab the gnoll shaman.
The gnoll shaman is severely wounded.
You constrict the gnoll shaman.
The gnoll hits you from afar with a +0 halberd!
The gnoll barely misses you.
The gnoll shaman calls upon its god to speed up the gnoll.
The gnoll seems to speed up.
You bludgeon the gnoll shaman!
You feel a bit better.
You kill the gnoll shaman!
Cheibriados appreciates the change of pace.
The gnoll hits you from afar with a +0 halberd!
* * * LOW HITPOINT WARNING * * *
The gnoll hits you with a +0 club.
* * * LOW HITPOINT WARNING * * *
You have reached level 7!
You feel better. The gnoll misses you. The gnoll closely misses you.
The gnoll barely misses you. The gnoll hits you with a +0 club.
* * * LOW HITPOINT WARNING * * *
You feel better.
You feel a bit better.
You kill the gnoll!
Cheibriados thoroughly appreciates the change of pace.
The gnoll hits you from afar with a +0 halberd.
The gnoll misses you. The gnoll barely misses you.
The gnoll closely misses you.
The gnoll hits you from afar with a +0 halberd!
You die...

..######...#.....8....#
#........#.#.....8....#
..####..#..#..........# .
........#.##.8888.888.# ..
....##..#.##.8888.888.# ...
##.....>..##..........# ....
##...######..######.###.....
#..............###)).......
###.######....@.g..).# #.#
#......##....### #####.#
#.##..######.#
......###.##..### #.#
....#.....##....# #.>
.......#...#.##.# ###.
.....###.....##.# ## ....##
####.<...# ....# ####..#


You could see a gnoll (fast).

Vanquished Creatures
  An ogre (D:4)
  A scorpion (D:4)
  A jelly (D:4)
  A hound (D:4)
  An orc priest (D:3)
  A gnoll shaman (D:5)
  An iguana (D:5)
  7 gnolls
  2 worms
  3 dart slugs (D:2)
  9 orcs
  3 ball pythons
  9 endoplasms
  6 giant cockroaches
  6 goblins
  7 hobgoblins
  4 jackals (D:1)
  6 quokkas
  6 bats
  3 frilled lizards
  9 kobolds
  6 rats
93 creatures vanquished.

Vanquished Creatures (others)
  An endoplasm (D:1)
1 creature vanquished.

Grand Total: 94 creatures vanquished

Notes
Turn   | Place    | Note
-------+----------+-------------------------------------------
     0 | D:1      | ChaosChampion the Octopode Transmuter began the quest for
                  | the Orb.
     0 | D:1      | Reached XP level 1. HP: 13/13 MP: 3/3
   282 | D:1      | Reached XP level 2. HP: 15/18 MP: 5/5
   334 | D:1      | Learned a level 2 spell: Wereblood
   548 | D:1      | Found Kiocarec's Weapon Boutique.
   713 | D:1      | Found a faded altar of an unknown god.
   758 | D:1      | Reached XP level 3. HP: 16/23 MP: 4/6
  1400 | D:2      | Found an iron altar of Okawaru.
  1980 | D:2      | Reached skill level 4 in Unarmed Combat
  1980 | D:2      | Reached XP level 4. HP: 28/28 MP: 3/7
  2739 | D:2      | Learned a level 3 spell: Spider Form
  2913 | D:3      | Reached XP level 5. HP: 28/33 MP: 1/8
  3795 | D:3      | Reached skill level 5 in Unarmed Combat
  4766 | D:4      | Reached XP level 6. HP: 38/38 MP: 4/9
  5085 | D:4      | Reached skill level 6 in Unarmed Combat
  5177 | D:5      | Entered Level 5 of the Dungeon
  5369 | D:5      | Found Leuxogh's Lightly-Used Armoury.
  5853 | D:5      | Found a snail-covered altar of Cheibriados.
  5864 | D:5      | Became a worshipper of Cheibriados the Contemplative
  6072 | D:5      | Reached XP level 7. HP: 2/43 MP: 6/10
  6077 | D:5      | Slain by a gnoll

Illustrated notes

Levels and vault maps discovered:
D:1:      psy_arrival_basics, layout_basic, basic_ecumenical_altar,
          serial_shops, nicolae_shop_crystal, lemuel_flame_loot_1
D:2:      minmay_wonky_spiral, layout_rooms, basic_altar, lemuel_another_geyser
D:3:      layout_rooms, dk_vineyard_3
D:4:      layout_loops_cross, grunt_ministairs_11, minmay_misc_feat_square
D:5:      layout_rooms, chei_slow_surprise, minmay_overflow_temple_star_hex,
          hangedman_decor_slide_cut, minmay_shop_damaged,
          hellmonk_bongcloud_opening, fountainhead, grunt_decor_fettered,
          minmay_manual_monstrance, uniq_grinder

Skill      XL: |  1  2  3  4  5  6 |
---------------+-------------------+-----
Unarmed Combat | 4 5 6 |  6.4
Transmutations | 3 4 |  4.4
Fighting       | |  1.3
Dodging        | |  2.1
Spellcasting   | |  2.1

Action                   |  1- 3 |  4- 6 |  7- 9 || total
-------------------------+-------+-------+-------++-------
Melee: Unarmed           |    89 |   100 |       ||   189
       Constrict         |    27 |    20 |       ||    47
       Kick              |    16 |    18 |       ||    34
       Punch             |     4 |       |       ||     4
       Tentacles         |    11 |    10 |       ||    21
 Cast: Beastly Appendage |    18 |    19 |       ||    37
       Wereblood         |    16 |    23 |       ||    39
       Spider Form       |       |     9 |       ||     9
  Use: Scroll            |       |     6 |       ||     6
       Potion            |       |       |     2 ||     2
 Stab: Sleeping          |     5 |     4 |       ||     9
Armor: Skin              |    10 |     4 |       ||    14
Dodge: Dodged            |    67 |    57 |     6 ||   130

Table legend: (Time is in decaauts)
 A = Elapsed time spent in this place.
 B = Non-inter-level travel time spent in this place.
 C = Inter-level travel time spent in this place.
 D = Time resting spent in this place.
 E = Time spent auto-exploring this place.
 F = Levels seen in this place.
 G = Mean time per level.
                   A        B        C        D        E       F      G
               +--------+--------+--------+--------+--------+-----+--------+
         Total |   6113 |   6033 |     80 |   1494 |   3390 |   5 | 1222.6 |
       Dungeon |   6113 |   6033 |     80 |   1494 |   3390 |   5 | 1222.6 |
               +--------+--------+--------+--------+--------+-----+--------+

Top non-repeatable levels by time:
     D:3: 1683 daAuts
     D:2: 1440 daAuts
     D:1: 1130 daAuts
     D:5: 944 daAuts
     D:4: 913 daAuts
